Map: Terraformation EC (Void)

Players

Hellalive - Winner!

  • Race: Zerg Zerg
  • League: Platinum

VOD

Have the link to the VOD?

Description

Time

  • Played on: July 31, 2015, 10:54 a.m.
  • Length: 8:11
Show
View Real Time Build Order
Export as new Build Order

Hellalive Zerg - Winner!

Build Orders: Hatch First 

Get SALT Encoding   

  12  0:02  Drone  
  12  0:13  Overlord  
  12  0:19  Drone  
  12  0:31  Drone x2  
  12  0:35  Drone  
  12  0:45  Drone  
  12  0:56  Hatchery  
  12  0:58  Drone  
  12  1:12  Spawning Pool  
  12  1:15  Drone  
  12  1:16  Extractor  
  12  1:19  Drone  
  12  1:29  Drone  
  12  1:40  Overlord  
  12  1:50  Drone  
  12  1:59  Queen  
  12  2:03  Drone  
  12  2:08  Queen  
  12  2:10  Spine Crawler  
  12  2:12  Zergling x2  
  12  2:15  Metabolic Boost  
  12  2:17  Drone  
  12  2:21  Drone  
  12  2:23  Drone  
  12  2:35  Drone  
  12  2:38  Baneling Nest  
  12  2:40  Drone  
  12  2:41  Drone  
  12  2:43  Drone  
  12  2:52  Drone  
  12  2:56  Overlord  
  12  3:04  Zergling x2  
  12  3:05  Zergling x2  
  12  3:13  Drone  
  12  3:15  Drone  
  12  3:16  Hatchery  
  12  3:18  Drone  
  12  3:22  Drone x2  
  12  3:24  Baneling x2  
  12  3:27  Drone  
  12  3:30  Baneling x2  
  12  3:35  Drone  
  12  3:37  Drone  
  12  3:39  Drone, Extractor  
  12  3:46  Drone x2  
  12  3:47  Drone  
  12  3:49  Overlord  
  12  3:51  Overlord  
  12  4:00  Extractor  
  12  4:04  Roach Warren, Drone x2  
  12  4:10  Drone  
  12  4:14  Evolution Chamber  
  12  4:15  Lair  
  12  4:16  Drone  
  12  4:19  Drone x2  
  12  4:21  Drone  
  12  4:25  Overlord  
  12  4:27  Drone  
  12  4:38  Overlord  
  12  4:39  Drone x4  
  12  4:42  Zerg Missile Weapons Level 1  
  12  4:45  Drone x2  
  12  4:53  Overlord  
  12  4:56  Roach x2  
  12  4:57  Roach  
  12  5:00  Roach  
  12  5:06  Drone  
  12  5:07  Drone  
  12  5:09  Roach x3  
  12  5:14  Queen  
  12  5:15  Glial Reconstitution  
  12  5:17  Roach  
  12  5:21  Roach  
  12  5:23  Roach  
  12  5:28  Roach x3  
  12  5:31  Roach  
  12  5:32  Roach  
  12  5:43  Overlord x2  
  12  5:48  Overlord  
  12  5:52  Overlord x2  
  12  6:01  Overlord  
  12  6:03  Roach x7  
  12  6:13  Overlord  
  12  6:18  Drone  
  12  6:19  Drone x4  
  12  6:24  Infestation Pit, Roach x2  
  12  6:25  Roach x4  
  12  6:27  Drone x2  
  12  6:28  Drone x2  
  12  6:39  Drone x2, Extractor  
  12  6:40  Drone  
  12  6:43  Hatchery, Drone, Extractor  
  12  6:44  Extractor  
  12  6:47  Drone x2  
  12  6:51  Drone x2  
  12  6:52  Overseer  
  12  6:56  Drone x3  
  12  6:57  Drone  
  12  7:05  Pathogen Glands  
  12  7:09  Overlord  
  12  7:23  Extractor  
  12  7:24  Overlord x2  
  12  7:25  Overlord x2, Extractor  
  12  7:26  Roach x5  
  12  7:35  Overlord  
  12  7:37  Roach  
  12  7:38  Roach x4  
  12  7:41  Overlord  
  12  7:49  Overlord  
  12  7:59  Drone  
Tags
 
Add a new tag
Caveats
  • Supply blocks, unpowered buildings, or Contaminate may cause inaccurate times.
  • Supply counts are checked every 10 seconds.